 Dungeon Crawl Stone Soup version 0.21.1-1-g345015fe64 (webtiles) character file.

50 DasRunzen the Covered (level 3, 0/28 HPs)
             Began as a Demonspawn Wanderer on Feb 20, 2018.
             Succumbed to an adder's poison
             ... on level 2 of the Dungeon.
             The game lasted 00:02:51 (1477 turns).

DasRunzen the Covered (Demonspawn Wanderer)         Turns: 1477, Time: 00:02:52

Health: 0/28       AC: 11    Str: 10    XL:     3   Next: 55%
Magic:  3/3        EV:  7    Int: 18    God:
Gold:   71         SH:  4    Dex: 13    Spells: 2/2 levels left

rFire    + . .     SeeInvis +   b - +0 mace
rCold    . . .     Gourm    .   g - +0 buckler
rNeg     . . .     Faith    .   a - +2 scale mail
rPois    .         Spirit   .   (no helmet)
rElec    .         Reflect  .   (no cloak)
rCorr    .         Harm     .   (no gloves)
MR       +....                  (no boots)
Stlth    ..........             (no amulet)
HPRegen  0.09/turn              l - ring of protection from fire
MPRegen  0.08/turn              (no ring)

@: brilliant, lethally poisoned (0 -> -12)
A: molten scales 1, see invisible, demonic guardian 1, dopey 1, magic resistance
1
a: no special abilities


You were on level 2 of the Dungeon.
You were not hungry.

You visited 1 branch of the dungeon, and saw 2 of its levels.

You collected 71 gold pieces.

Inventory:

Hand Weapons
 b - a +0 mace (weapon)
 d - a +0 blowgun
 k - a +2 mace of draining
Missiles
 c - 10 poisoned needles
Armour
 a - a +2 scale mail (worn)
 g - a +0 buckler (worn)
Jewellery
 l - a ring of protection from fire (left hand)
Scrolls
 i - a scroll of magic mapping {unknown}
 m - a scroll of teleportation {unknown}
Potions
 h - a potion of haste
Comestibles
 f - 8 rations


   Skills:
 + Level 2.5 Fighting
 + Level 1.2 Maces & Flails
   Level 1.7 Bows
 - Level 1.0 Throwing
 + Level 4.0 Armour
 + Level 1.7 Shields


You had 2 spell levels left.
You didn't know any spells.

Dungeon Overview and Level Annotations

Branches:
Dungeon (2/15)

Altars:


Innate Abilities, Weirdness & Mutations

You are partially covered in molten scales. (AC +2)
A weak demonic guardian rushes to your aid.
You have supernaturally acute eyesight. (SInv)
You are dopey. (Int -2)
You are resistant to hostile enchantments. (MR+)


Message History

The adder poisons you! The adder bites you.
* * * LOW HITPOINT WARNING * * *
You closely miss the adder. The adder barely misses you. The adder bites you.
* * * LOW HITPOINT WARNING * * *
You miss the adder.
* * * LOW HITPOINT WARNING * * *
You feel sick. The adder bites you but does no damage.
Unknown command.
It was a potion of brilliance.
You feel clever all of a sudden.
* * * LOW HITPOINT WARNING * * *
You feel sick. The adder barely misses you. The adder bites you.
* * * LOW HITPOINT WARNING * * *
You are more poisoned.
The adder poisons you!
You feel extremely strange.
You feel stupid.
You feel resistant to hostile enchantments.
Your vision sharpens.
You die...

♣♣♣♣ ♣$.. ..?
♣♣♣.. ♣♣♣♣ ...
..♣♣♣♣ ♣S♣
♣♣.... ♣♣@♣
♣...♣ ♣♣♣.♣♣
♣♣...♣♣
♣♣♣.$♣♣
......♣
♣♣♣..♣♣♣
♣♣♣♣..♣♣♣..♣♣♣
♣♣....♣♣♣
♣♣♣♣♣♣


You could see an adder.

Vanquished Creatures
  An ooze (D:1)
  3 dart slugs (D:1)
  2 leopard geckos
  7 goblins
  4 hobgoblins
  A jackal (D:2)
  3 kobolds
  A quokka (D:2)
  4 bats
  4 frilled lizards
  6 rats
36 creatures vanquished.

Notes
Turn   | Place    | Note
-------+----------+-------------------------------------------
     0 | D:1      | DasRunzen the Demonspawn Wanderer began the quest for the Orb.
     0 | D:1      | DasRunzen set off with: a +2 scale mail, a +0 mace, 10 poisoned needles, a +0 blowgun, a ration
     0 | D:1      | Reached XP level 1. HP: 16/16 MP: 1/1
   241 | D:1      | Gained mutation: You are partially covered in molten scales. (AC +2) [demonic ancestry]
   241 | D:1      | Reached XP level 2. HP: 21/22 MP: 2/2
   483 | D:1      | Reached skill level 1 in Maces & Flails
   595 | D:1      | Gained mutation: A weak demonic guardian rushes to your aid. [demonic ancestry]
   595 | D:1      | Reached XP level 3. HP: 26/28 MP: 3/3
  1327 | D:2      | Reached skill level 4 in Armour
  1476 | D:2      | HP: 1/28 [adder (2)]
  1477 | D:2      | Gained mutation: You are dopey. (Int -2) [potion of mutation]
  1477 | D:2      | Gained mutation: You are resistant to hostile enchantments. (MR+) [potion of mutation]
  1477 | D:2      | Gained mutation: You have supernaturally acute eyesight. (SInv) [potion of mutation]
  1477 | D:2      | Succumbed to an adder's poison

Skill      XL: |  1  2  3 |
---------------+----------+-----
Maces & Flails | 1 |  1.2
Armour         | 4 |  4.0
Fighting       | |  2.5
Bows           | |  1.7
Throwing       | |  1.0
Shields        | |  1.7

Action                   || total
-------------------------++-------
Melee: Mace              ||   177
  Use: Scroll            ||     4
       Potion            ||     2
  Eat: Chunk             ||     2
Armor: Scale mail        ||   141
Dodge: Dodged            ||    68
Block: Buckler           ||    32
